 Dungeon Crawl Stone Soup version 0.30-b1-5-g8e6c1be481 (webtiles) character file.

Game seed: 4178792944331751490

938 monsoonserge the Conjurer (level 7, -1/64 (85) HPs)
             Began as a Red Draconian Reaver on May 4, 2023.
             Slain by a water moccasin (3 damage)
             ... on level 5 of the Dungeon.
             The game lasted 00:23:43 (4967 turns).

monsoonserge the Conjurer (Red Draconian Reaver)    Turns: 4967, Time: 00:23:44

HP:   -1/64 (85)    AC: 31    Str: 16    XL:     7   Next: 87%
MP:   9/10          EV:  2    Int: 14    God:
Gold: 221           SH:  7    Dex:  9    Spells: 4/10 levels left

rFire   . . .        k - staff of conjuration
rCold   . . .        r - +0 kite shield
rNeg    . . .        (body armour unavailable)
rPois   +            u - melded +1 hat
rElec   .            (cloak currently unavailable)
rCorr   .            (gloves currently unavailable)
SInv    .            o - melded +0 pair of boots
Will    .....        (no amulet)
Stlth   +            A - +4 ring of protection
HPRegen 0.30/turn    y - +4 ring of protection
MPRegen 0.12/turn

%: no passive effects
@: lethally poisoned (-1 -> -18), tree-form, very slightly contaminated, heavily
drained
A: stationary, stasis, torment immunity, boosted hp, (breathe fire), AC +6,
unfitting armour, (fire resistance 1), (cold-blooded)
a: no special abilities


You were on level 5 of the Dungeon.
You were a tree.
You visited 1 branch of the dungeon, and saw 5 of its levels.

You collected 221 gold pieces.

Inventory:

Hand Weapons
 a - a +0 mace
 h - a +2 dagger of draining
 j - a +1 short sword of venom
 m - a +2 short sword of speed
 z - a +2 flail of protection
Missiles
 b - 47 stones (quivered)
 w - a poisoned dart
 x - a throwing net
Armour
 o - a +0 pair of boots (melded)
 r - a +0 kite shield (worn)
 u - a +1 hat (melded)
Magical Staves
 k - a staff of conjuration (weapon)
Jewellery
 i - a +6 ring of intelligence
 s - a +5 ring of evasion
 y - a +4 ring of protection (right branch)
 A - a +4 ring of protection (left branch)
 C - a ring of resist corrosion
Scrolls
 c - 2 scrolls of fear {unknown}
 d - a scroll of teleportation {unknown}
 f - a scroll of identify {unknown}
 n - a scroll of immolation {unknown}
 q - 2 scrolls of vulnerability {unknown}
 t - a scroll of enchant armour {unknown}
 v - a scroll of brand weapon {unknown}
 B - a scroll of amnesia {unknown}
Potions
 g - 2 potions of heal wounds
 l - a potion of attraction {unknown}
 p - a potion of degeneration {unknown}


   Skills:
 + Level 3.3 Fighting
 + Level 1.0 Short Blades
 - Level 3.2(3.6) Maces & Flails
 + Level 2.5(3.3) Staves
 + Level 0.6 Throwing
 + Level 3.3 Dodging
 + Level 0.6 Stealth
 * Level 3.1 Shields
 + Level 2.0 Spellcasting
 * Level 4.2 Conjurations
 - Level 1.0 Necromancy
 - Level 1.0 Translocations
 * Level 2.5 Air Magic
 * Level 2.6 Poison Magic
 * Level 2.6 Evocations


You had 4 spell levels left.
You knew the following spells:

 Your Spells              Type           Power      Damage    Failure   Level
a - Kiss of Death         Conj/Necr      52%        2d9       24%         1
b - Momentum Strike       Conj/Tloc      26%        3d8       34%         2
c - Mephitic Cloud        Conj/Pois/Air  15%        N/A       50%         3

Your spell library contained the following spells:

 Spells                   Type           Power      Damage    Failure   Level
 Poisonous Vapours        Pois/Air       16%        N/A       34%         2
 Dazzling Flash           Conj/Hex       22%        N/A       65%         3
 Hailstorm                Conj/Ice       11%        3d5       65%         3
 Anguish                  Hex/Necr       1%         N/A       99%         4
 Cause Fear               Hex            0%         N/A       100%        4
 Agony                    Necr           4%         N/A       100%        5
 Freezing Cloud           Conj/Ice/Air   5%         6-21      100%        5
 Silence                  Hex/Air        2%         N/A       100%        5
 Enfeeble                 Hex            0%         N/A       100%        7


Dungeon Overview and Level Annotations

Branches:
Dungeon (5/15)
 Temple: D:4-7

Altars:
Ashenzari
Fedhas
Gozag
Makhleb
Nemelex Xobeh

Shops:
D:4 (

Annotations:
D:3 2 runed translucent doors, Brasilia's ghost, weakling FeWn; Crazy Yiuf
D:4 2 exclusions
D:5 3 runed translucent doors


Innate Abilities, Weirdness & Mutations

You are a tree.
Your roots penetrate the ground, keeping you stationary.
You cannot be teleported.
You are immune to unholy pain and torment.
Your maximum health is greatly increased.
Your equipment is partially melded.
((You can breathe blasts of fire.))
((Your fiery red scales are hard. (AC +6)))
You cannot fit into any form of body armour.
((Your flesh is heat resistant. (rF+)))
((You are cold-blooded and may be slowed by cold attacks.))


Message History

Nothing appears to happen.
* * * LOW HITPOINT WARNING * * *
You feel very sick. The water moccasin barely misses you.
The gnoll sergeant hits you but does no damage.
It was a potion of heal wounds.
You feel much better.
You feel very sick. You block the water moccasin's attack.
The gnoll sergeant hits you but does no damage.
You are more poisoned.
The water moccasin closely misses you.
Really quaff the potion of lignification?
You turn into a tree.
Your +1 hat melds into your body.
Your +0 pair of boots melds into your body.
Your roots penetrate the ground.
* * * LOW HITPOINT WARNING * * *
You feel very sick. You block the water moccasin's attack.
The gnoll sergeant hits you but does no damage.
You are more poisoned.
You hit the water moccasin.
You blast the water moccasin.
The water moccasin is heavily wounded.
* * * LOW HITPOINT WARNING * * *
You feel very sick.
The water moccasin bites you but does no damage.
The gnoll sergeant hits you but does no damage.
The water moccasin bites you but does no damage.
You closely miss the water moccasin.
The water moccasin is heavily wounded.
* * * LOW HITPOINT WARNING * * *
You feel very sick. You block the water moccasin's attack.
The gnoll sergeant hits you but does no damage.
You are more poisoned.
You barely miss the water moccasin.
The water moccasin is heavily wounded.
* * * LOW HITPOINT WARNING * * *
You feel very sick. The water moccasin bites you.
You die...

#.#..###.#...###...
##........
......##.##.......###..#
.....#.#..###...###...##
..........S.#####....##
..††.#.####......5#g.#
......## #####.l#g.##
..##.######## ##Sgg##
..##.##....)# #S###
..##.##.....####♣#
..##.............#
#######.....###..# ...##
#.....# #..#
.8..###.#.#####..# ##
######
.....#....##...... ..#
#.....
._...##.#.##.##..####.##
#.####
...⌠)'..#.##.##..#.....#
#.#
._..)#).#.##.##..#.##..#
##)####


You could see a water moccasin, a gnoll sergeant, an iguana, 2 gnolls, an adder
and a shadow imp.

Vanquished Creatures
  Edmund (D:4)
  A water moccasin (D:5)
  A black bear (D:4)
  2 scorpions
  3 jellies
  An orc priest (D:5)
  A hound (D:3)
  Jessica (D:3)
  2 iguanas
  2 orc wizards (D:3)
  Terence (D:3)
  4 gnolls (D:5)
  8 adders
  A worm (D:3)
  2 dart slugs
  6 orcs
  An endoplasm (D:4)
  A giant cockroach (D:4)
  3 goblins
  5 hobgoblins
  8 jackals
  3 quokkas (D:1)
  3 training dummies (D:4)
  9 ball pythons
  5 bats
  5 frilled lizards
  8 kobolds
  4 rats
  A butterfly (D:1)
  A toadstool (D:5)
94 creatures vanquished.

Vanquished Creatures (others)
  2 orc wizards (D:5)
  8 fungi (D:5)
  20 plants
  10 toadstools (D:5)
40 creatures vanquished.

Grand Total: 134 creatures vanquished

Notes
Turn   | Place    | Note
-------+----------+-------------------------------------------
     0 | D:1      | monsoonserge the Draconian Reaver began the quest for the
                  | Orb.
     0 | D:1      | Reached XP level 1. HP: 17/17 MP: 3/3
   122 | D:1      | Reached XP level 2. HP: 12/24 MP: 5/5
   378 | D:1      | Reached skill level 1 in Necromancy
   824 | D:2      | Learned a level 2 spell: Momentum Strike
   872 | D:2      | Reached XP level 3. HP: 16/26 MP: 4/6
   952 | D:2      | Learned a level 3 spell: Mephitic Cloud
  1609 | D:3      | Noticed Jessica
  1617 | D:3      | Killed Jessica
  1618 | D:3      | Reached skill level 1 in Short Blades
  1618 | D:3      | Reached skill level 1 in Translocations
  1618 | D:3      | Reached XP level 4. HP: 18/34 MP: 7/7
  1690 | D:3      | Noticed Terence
  1709 | D:3      | Killed Terence
  1710 | D:3      | Reached skill level 1 in Poison Magic
  1710 | D:3      | Reached skill level 1 in Evocations
  1862 | D:3      | Found a burning altar of Makhleb.
  1910 | D:3      | Found a runed translucent door.
  1912 | D:3      | Noticed Brasilia's ghost (weakling FeWn)
  2085 | D:3      | Reached skill level 1 in Air Magic
  2119 | D:3      | Reached XP level 5. HP: 14/35 MP: 8/8
  2246 | D:3      | Found a runed translucent door.
  2251 | D:3      | Noticed Crazy Yiuf
  2464 | D:3      | Found a broken altar of Ashenzari.
  2746 | D:4      | Reached skill level 1 in Staves
  2927 | D:4      | Reached XP level 6. HP: 50/50 MP: 9/9
  2993 | D:4      | Found Gigh's Firing Range.
  3305 | D:4      | Noticed Edmund
  3343 | D:4      | Killed Edmund
  3344 | D:4      | Reached skill level 1 in Shields
  3344 | D:4      | Reached skill level 4 in Conjurations
  3490 | D:4      | Your scales start taking on a fiery red colour.
  3490 | D:4      | Reached XP level 7. HP: 4/40 MP: 8/10
  3490 | D:4      | Gained mutation: Your flesh is heat resistant. (rF+) [Red
                  | Draconian growth]
  4073 | D:5      | Entered Level 5 of the Dungeon
  4077 | D:5      | Found a blossoming altar of Fedhas.
  4149 | D:5      | HP: 1/34 [poisoned by a water moccasin]
  4615 | D:5      | Found an opulent altar of Gozag.
  4616 | D:5      | Found a sparkling altar of Nemelex Xobeh.
  4935 | D:5      | Found a runed translucent gate.
  4935 | D:5      | Found a runed translucent gate.
  4935 | D:5      | Found a runed translucent gate.
  4962 | D:5      | HP: 2/43 [poisoned by a gnoll sergeant]
  4967 | D:5      | HP: 2/64 [poisoned by a gnoll sergeant]
  4967 | D:5      | Slain by a water moccasin

Illustrated notes

Levels and vault maps discovered:
D:1:      spicycebolla_arrival_clurvy, layout_loops_ring
D:2:      layout_loops_cross
D:3:      cheibrodos_old_hovel, layout_loops_cross, cheibrodos_ashenzari_chains,
          bloody_makhleb, ebering_ghost_reflecting_pool, uniq_terence,
          uniq_crazy_yiuf_cottage, uniq_jessica
D:4:      layout_gridville, nicolae_shop_firing_range, uniq_edmund
D:5:      layout_loops_ring, tgw_fedhas, grunt_temple_overflow_opulence,
          serial_shops, shop, gammafunk_ghost_icy,
          hangedman_decor_clover_reticule

Skill      XL: |  1  2  3  4  5  6  7 |
---------------+----------------------+-----
Necromancy     | 1 |  1.0
Dodging        | 2 3 |  3.3
Short Blades   | 1 |  1.0
Translocations | 1 |  1.0
Poison Magic   | 1 2 |  2.6
Evocations     | 1 2 |  2.6
Air Magic      | 1 2 |  2.5
Staves         | 1 2 |  2.5
Shields        | 1 3 |  3.1
Conjurations   | 4 |  4.2
Fighting       | 3 |  3.3
Maces & Flails | |  3.2
Throwing       | |  0.6
Stealth        | |  0.6
Spellcasting   | |  2.0

Action                     |  1- 3 |  4- 6 |  7- 9 || total
---------------------------+-------+-------+-------++-------
  Melee: Mace              |    31 |       |       ||    31
         Staff             |    60 |   336 |   251 ||   647
         Short sword       |     9 |       |       ||     9
         Dagger            |     3 |       |       ||     3
         Tailslap          |     7 |    36 |    29 ||    72
         Punch             |       |     1 |       ||     1
  Throw: Stone             |       |    23 |     3 ||    26
   Cast: Kiss of Death     |     2 |     7 |     3 ||    12
    Use: Potion            |       |     4 |     4 ||     8
 Armour: Skin              |    46 |   159 |   158 ||   363
  Dodge: Dodged            |    84 |   224 |   137 ||   445
  Block: Kite shield       |       |    85 |    99 ||   184
